 Dungeon Crawl Stone Soup version 0.32-a0-42-ga30500b (webtiles) character file.

Game seed: 13121110636385363554

70 Dorkslayer the Ruffian (level 4, 0/28 HPs)
             Began as an Octopode Shapeshifter on Jan 27, 2024.
             Frozen to death by an endoplasm (5 damage)
             ... on level 3 of the Dungeon.
             The game lasted 00:04:48 (1560 turns).

Dorkslayer the Ruffian (Octopode Shapeshifter)      Turns: 1560, Time: 00:04:48

Health: 0/28       AC:  1    Str: 15    XL:     4   Next: 21%
Magic:  4/4        EV: 13    Int: 12    God:
Gold:   62         SH:  0    Dex: 11    Spells: 3/3 levels left

rFire   . .          .
                       - Unarmed
rCold   . . .        (no shield)
rNeg    . . .        (helmet currently unavailable)
rPois   .            (no amulet)
rElec   .            (no ring)
rCorr   .            (no ring)
SInv    .            (no ring)
Will    .....        (no ring)
Stlth   +++          (no ring)
HPRegen 0.24/turn    (no ring)
MPRegen 0.09/turn    (no ring)
                     (no ring)

%: no passive effects
@: beast-form
A: beast (slay +1), almost no armour, amphibious, 8 rings, camouflage 1,
gelatinous body 1, (nimble swimmer 1), tentacles
a: Begin Untransformation


You were on level 3 of the Dungeon.
You were a hulking beast.
You visited 1 branch of the dungeon, and saw 3 of its levels.

You collected 62 gold pieces.

Inventory:

Talismans
 b - a beast talisman
 c - a flux talisman
 g - a maw talisman
Wands
 e - a wand of flame (36)
Scrolls
 d - a scroll of fear {unknown}
 f - a scroll of noise {unknown}
 h - a scroll of amnesia {unknown}
 j - a scroll of teleportation
Potions
 a - 2 potions of lignification
 i - 2 potions of brilliance


   Skills:
 * Level 1.1 Fighting
 * Level 2.2 Dodging
 + Level 1.8 Stealth
 * Level 4.1 Unarmed Combat
 * Level 3.4 Shapeshifting


You had 3 spell levels left.
You didn't know any spells.
Your spell library was empty.

Dungeon Overview and Level Annotations

Branches:
Dungeon (3/15)

Altars:


Innate Abilities, Weirdness & Mutations

You are a hulking beast.
Your limbs bulge with bestial killing power. (Slay +1)
You cannot wear most types of armour.
You are amphibious.
You can wear up to eight rings at the same time.
Your skin changes colour to match your surroundings (Stealth+).
Your rubbery body absorbs attacks. (AC +1, EV +1)
((You are camouflaged when in or above water. (Stealth+)))
You have tentacles for arms and can constrict up to eight enemies at once.


Message History

There is a stone staircase leading down here.
Found 9 gold pieces.
You now have 53 gold pieces (gained 6).
e - a wand of flame (21)
You now have 62 gold pieces (gained 9).
Found a wand of flame (15).
e - a wand of flame (36) (gained 15 charges)
Found a leather armour.
You see here a +0 leather armour.
A rat comes into view.
The helpless rat fails to defend itself.
You tentacle-slap the rat.
You kill the rat!
You see here a rat corpse.
An endoplasm comes into view.
The ogre shouts!
You tentacle-slap the ogre.
The ogre is lightly wounded.
The ogre barely misses you.
You tentacle-slap the ogre.
You tentacle-slap the ogre, but do no damage.
You squeeze the ogre!
The ogre is severely wounded.
You barely miss the ogre.
The ogre is severely wounded.
The ogre closely misses you.
You tentacle-slap the ogre.
The ogre is severely wounded.
The endoplasm hits you.
The ogre hits you with a +0 giant spiked club!!
Ouch! That really hurt!
* * * LOW HITPOINT WARNING * * *
You tentacle-slap the ogre.
The ogre is almost dead.
The endoplasm closely misses you.
You tentacle-slap the ogre.
You kill the ogre!
The endoplasm freezes you.
You are frozen.
You die...

####.#.#####.#.##### ..
##.# ##.#.# # ...
#.#.## #.#.##
...#####.#.#####.#.####
......#...##..........
#....#...............
#..................
#.)J...............
#.h................
########.########## #.#
+.# ### ....# ....#
...### .. ..#.#


You could see an endoplasm.

Vanquished Creatures
  An ogre (D:3)
  A dart slug (D:2)
  3 ribbon worms (D:2)
  6 endoplasms
  2 giant cockroaches (D:1)
  5 goblins
  A hobgoblin (D:1)
  4 jackals (D:1)
  2 kobolds
  A quokka (D:2)
  4 ball pythons
  10 bats
  A frilled lizard (D:1)
  24 rats
65 creatures vanquished.

Notes
Turn   | Place    | Note
-------+----------+-------------------------------------------
     0 | D:1      | Dorkslayer the Octopode Shapeshifter began the quest for
                  | the Orb.
     0 | D:1      | Reached XP level 1. HP: 13/13 MP: 1/1
   127 | D:1      | Reached XP level 2. HP: 17/18 MP: 2/2
   464 | D:1      | Reached skill level 1 in Stealth
   522 | D:1      | Reached XP level 3. HP: 23/23 MP: 3/3
  1149 | D:2      | You fall into a shaft and drop 1 floor!
  1151 | D:3      | Noticed an ogre
  1210 | D:2      | Reached skill level 4 in Unarmed Combat
  1210 | D:2      | Reached XP level 4. HP: 21/28 MP: 4/4
  1560 | D:3      | Killed an ogre
  1560 | D:3      | Frozen to death by an endoplasm

Illustrated notes

Levels and vault maps discovered:
D:1:      orjb1_clovarrival, layout_basic, minivault_14, nicolae_the_louvre
D:2:      minmay_evil_eye, layout_rooms, minmay_rat_hole
D:3:      minmay_door_path, layout_basic, nicolae_houndstooth_variations

Skill      XL: |  1  2  3 |
---------------+----------+-----
Stealth        | 1 |  1.8
Unarmed Combat | 4 |  4.1
Fighting       | |  1.1
Dodging        | |  2.2
Shapeshifting  | |  3.4

Action                     |  1- 3 |  4- 6 || total
---------------------------+-------+-------++-------
  Melee: Unarmed           |    84 |    21 ||   105
         Constrict         |    21 |     4 ||    25
         Tentacles         |    14 |     5 ||    19
         Punch             |       |     1 ||     1
    Use: Scroll            |     3 |     1 ||     4
   Stab: Sleeping          |     9 |     3 ||    12
 Armour: Skin              |    23 |    10 ||    33
  Dodge: Dodged            |    45 |    11 ||    56

Table legend: (Time is in decaauts)
 A = Elapsed time spent in this place.
 B = Non-inter-level travel time spent in this place.
 C = Inter-level travel time spent in this place.
 D = Time resting spent in this place.
 E = Time spent auto-exploring this place.
 F = Levels seen in this place.
 G = Mean time per level.
                   A        B        C        D        E       F      G
               +--------+--------+--------+--------+--------+-----+--------+
         Total |   1552 |   1552 |      0 |      0 |    730 |   3 |  517.3 |
       Dungeon |   1552 |   1552 |      0 |      0 |    730 |   3 |  517.3 |
               +--------+--------+--------+--------+--------+-----+--------+

Top non-repeatable levels by time:
     D:1: 776 daAuts
     D:2: 637 daAuts
     D:3: 138 daAuts
